 Dungeon Crawl Stone Soup version 0.25.1-2-g60ff931df9 (webtiles) character file.

Game seed: 1319965208683019813

59 Cazemata the Slasher (level 3, -6/31 HPs)
             Began as a Minotaur Berserker on Oct 19, 2020.
             Was a Believer of Trog.
             Mangled by Terence
             ... wielding a +1 trident of venom
              (8 damage)
             ... on level 2 of the Dungeon.
             The game lasted 00:06:00 (865 turns).

Cazemata the Slasher (Minotaur Berserker)            Turns: 865, Time: 00:06:00

Health: -6/31      AC:  2    Str: 22    XL:     3   Next: 78%
Magic:  2/2        EV: 12    Int:  4    God:    Trog [**....]
Gold:   74         SH:  0    Dex:  9    Spells: 2/2 levels left

rFire    . . .     SeeInvis .   a - +0 falchion
rCold    + + .     Gourm    .   (no shield)
rNeg     . . .     Faith    .   b - +0 animal skin
rPois    +         Spirit   .   (helmet restricted)
rElec    +         Reflect  .   (no cloak)
rCorr    +         Harm     .   (no gloves)
MR       .....                  (no boots)
Stlth    +.........             (no amulet)
HPRegen  0.10/turn              h - ring of ice
MPRegen  0.08/turn              (no ring)

@: brilliant, resistant, berserk cooldown, stab, slowed, very slow
A: retaliatory headbutt, horns 2
a: Berserk, Trog's Hand, Renounce Religion


You were on level 2 of the Dungeon.
You worshipped Trog.
Trog was pleased with you.
You were not hungry.

You visited 1 branch of the dungeon, and saw 2 of its levels.

You collected 74 gold pieces.

Inventory:

Hand Weapons
 a - a +0 falchion (weapon)
Armour
 b - a +0 animal skin (worn)
Jewellery
 h - a ring of ice (left hand)
Scrolls
 f - a scroll of fog {unknown}
 i - a scroll of remove curse {unknown}
 k - a scroll of enchant weapon {unknown}
 o - a scroll of blinking {unknown}
Potions
 m - a potion of heal wounds {unknown}
 n - a potion of magic {unknown}
Comestibles
 c - 4 rations
 g - 2 chunks of flesh


   Skills:
 - Level 3.6 Fighting
 * Level 5.8 Long Blades
 - Level 2.4 Armour
 - Level 2.1 Dodging


You had 2 spell levels left.
You didn't know any spells.
Your spell library was empty.

Dungeon Overview and Level Annotations

Branches:
Dungeon (2/15)

Altars:
Nemelex Xobeh

Annotations:
D:2 Terence


Innate Abilities, Weirdness & Mutations

You reflexively headbutt those who attack you in melee.
You have a pair of horns on your head.


Message History

You are no longer berserk.
You are exhausted.
You feel yourself slow down. Terence completely misses you.
You furiously retaliate!
You headbutt Terence. You closely miss Terence.
Terence is lightly wounded.
Terence closely misses you.
You hit Terence but do no damage. Your headbutt misses Terence.
Terence is lightly wounded.
Terence hits you with a +1 trident of venom!
You hit Terence but do no damage.
Terence is lightly wounded.
Terence hits you with a +1 trident of venom!
* * * LOW HITPOINT WARNING * * *
Terence hits you with a +1 trident of venom!
* * * LOW HITPOINT WARNING * * *
You closely miss Terence. Your headbutt misses Terence.
Terence is lightly wounded.
Terence hits you with a +1 trident of venom!
You die...

## .# #.#.# #... #
#.#.#
#.#.########.###.#.###
#................#.##.
#..#.#...........#.##.
#......# #.#...#.##.
#......# #(.......#.
##..#..# #........†.
##.@@.# ##.......#)
#.....# ##...#....
###.#.#.# ##.......
#.).....# #######.
#.##.#.## #. #.##.^.#
## #.####.# #.####.##
#.......#


You could see Terence.

Vanquished Creatures
  An adder (D:2)
  2 oozes (D:1)
  3 dart slugs
  A leopard gecko (D:1)
  A bat (D:2)
  A giant cockroach (D:1)
  5 goblins
  3 hobgoblins
  4 jackals (D:2)
  2 quokkas (D:2)
  3 frilled lizards
  4 kobolds
  3 rats
33 creatures vanquished.

Notes
Turn   | Place    | Note
-------+----------+-------------------------------------------
     0 | D:1      | Cazemata the Minotaur Berserker began the quest for the
                  | Orb.
     0 | D:1      | Reached XP level 1. HP: 19/19 MP: 0/0
    33 | D:1      | Reached skill level 4 in Long Blades
   118 | D:1      | Reached XP level 2. HP: 22/26 MP: 1/1
   386 | D:1      | Reached skill level 5 in Long Blades
   511 | D:2      | Reached XP level 3. HP: 31/31 MP: 2/2
   655 | D:2      | Found a sparkling altar of Nemelex Xobeh.
   659 | D:2      | Reached ** piety under Trog
   837 | D:2      | Noticed Terence
   865 | D:2      | Mangled by Terence

Illustrated notes

Levels and vault maps discovered:
D:1:      dpeg_arrival_shelter, layout_basic
D:2:      layout_loops_ring, nemelex_xobeh_ov_fountains_minmay,
          nicolae_ru_great_annihilating_truth, minmay_misc_feat_five,
          uniq_terence

Skill      XL: |  1  2 |
---------------+-------+-----
Long Blades    | 4 5 |  5.8
Fighting       | |  3.6
Armour         | |  2.4
Dodging        | |  2.1

Action                   || total
-------------------------++-------
Melee: Falchion          ||    72
       Headbutt          ||     8
  Use: Scroll            ||     2
       Potion            ||     4
Armor: Animal skin       ||    20
Dodge: Dodged            ||    43
       Rpst.: Falchion   ||     8
